cohdb
Replays
Latest Replays
All Replays
Popular Replays
Top Player Replays
Match Explorer
How It Works
Community
CoH3 Stats
Reddit
Sign in to upload your games and track your stats! →
Sign in with Steam
Match 42503464
Unlisted
Match 42503464
Overview
Messages
Build Orders
End
Panzergrenadier Squad
Panzerpioneer Squad
Selects Panzerjäger Kommand Battlegroup
Selects Panzerjäger Kommand Battlegroup
250 Light Carrier
Panzergrenadier Squad
Construct Light Support Kompanie
MG34 Team
Combat Half-tracks
Fire Support Elements
Selects GrB 39 Grenade Launcher Requisition
Panzerjäger Mechanized Group
Construct Panzerarmee Kommand
Panzer III L Medium Tank
Armored Reserves
Selects Mine Fields
Selects Crew Shock Tactics
Panzer IV Assault Group
Rapid Advance
Selects Anti-tank Overwatch
Anti-tank Overwatch
Emergency Repair Kits
Tiger Heavy Tank
Walking Stuka Rocket Launcher
Kanade
atank
777
iExploze
Lynx
POOH
szwed
Altair9527
0
0
Comments
sign in to comment!
No comments posted yet!